AoeStats
← damiansilva312

Arabia

509990348Analyzed
1v1 RM · 2d ago on Sep 28, 2026· 50m 50s· 2 players
Game mode
Random Map
Map size
Tiny (2 player)
Population
200
Speed
Normal
Resources
Standard
Victory
Conquest
Starting age
Dark Age
Ending age
Imperial Age
RankedLock teamsTeams togetherTeam positionsShared explorationLock speedFull tech treeHidden civsTurbo modeCheats
Victory
Defeat
🇦🇷 Franks · Argentina
703
+24
🇦🇷 Goths · Argentina
725
-27
[G]ohko
12:10 Feudal Age
13:29 Wheelbarrow
14:13 Man-at-Arms
16:50 Forging
16:41 Scale Mail Armor
28:25 Castle Age
27:20 Double-Bit Axe
27:29 Gold Mining
29:34 Squires
28:55 Long Swordsman
30:38 Hand Cart
30:21 Stone Mining
36:36 Bow Saw
39:51 Imperial Age
38:08 Ballistics
37:59 Masonry
39:59 Two-Handed Swordsman
43:27 Gold Shaft Mining
43:14 Cavalier
45:40 Chemistry
44:52 Scale Barding Armor
45:03 Chain Mail Armor
49:01 Husbandry
damiansilva312
10:58 Feudal Age
9:15 Loom
12:59 Horse Collar
13:06 Double-Bit Axe
14:29 Wheelbarrow
18:37 Town Watch
19:10 Gold Mining
33:31 Castle Age
32:48 Fletching
33:01 Padded Archer Armor
35:34 Crossbowman
44:30 Bodkin Arrow
44:36 Padded Archer Armor
47:38 Scale Mail Armor
48:47 Squires
48:08 Pikeman
Connection lost

Rejoining the realm…

Still unreachable

The connection could not be restored.

Session expired

The server has moved on; the page needs a fresh start.